 Dungeon Crawl Stone Soup version 0.26-a0-362-g1d9a9cd4fa (webtiles) character file.

Game seed: 1380736462559065643

23 BritishOli the Sneak (level 2, 7/24 HPs)
             Began as a Demonspawn Delver on July 18, 2020.
             Quit the game on level 4 of the Dungeon.
             The game lasted 00:00:22 (14 turns).

BritishOli the Sneak (Demonspawn Delver)              Turns: 14, Time: 00:00:23

Health: 7/24       AC:  3    Str: 12    XL:     2   Next: 75%
Magic:  2/2        EV: 12    Int: 11    God:
Gold:   0          SH:  0    Dex: 14    Spells: 1/1 levels left

rFire    . . .     SeeInvis .   a - +0 falchion
rCold    . . .     Faith    .   (no shield)
rNeg     . . .     Spirit   .   b - +0 leather armour
rPois    .         Reflect  .   (no helmet)
rElec    .         Harm     .   (no cloak)
rCorr    .                      (no gloves)
MR       .....                  (no boots)
Stlth    ++++......             (no amulet)
HPRegen  0.08/turn              (no ring)
MPRegen  0.08/turn              (no ring)

@: seriously poisoned (7 -> 1)
A: nightstalker 1
a: no special abilities


You were on level 4 of the Dungeon.
You visited 1 branch of the dungeon, and saw 2 of its levels.

Inventory:

Hand Weapons
 a - a +0 falchion (weapon)
Armour
 b - a +0 leather armour (worn)
Wands
 g - a wand of digging (3)
Scrolls
 c - a scroll of fog
 d - a scroll of magic mapping
 e - a scroll of fear
Potions
 f - a potion of haste


   Skills:
 + Level 3.2 Fighting
 + Level 2.1 Long Blades
 + Level 2.1 Dodging
 + Level 4.7 Stealth


You had one spell level left.
You didn't know any spells.
Your spell library was empty.

Dungeon Overview and Level Annotations

Branches:
Dungeon (5/15)
 Temple: D:4-7

Altars:


Innate Abilities, Weirdness & Mutations

You are slightly more attuned to the shadows.


Message History

The worker ant closely misses you.
You riposte.
You hit the worker ant.
The worker ant is severely wounded.
The leopard gecko closely misses you.
You are too injured to fight recklessly!
You are too injured to fight recklessly!
You are too injured to fight recklessly!
You are too injured to fight recklessly!
You are too injured to fight recklessly!
You hit the worker ant.
The worker ant is almost dead.
* * * LOW HITPOINT WARNING * * *
You feel sick. The worker ant misses you.
You riposte.
You hit the worker ant.
You kill the worker ant!
Your Long Blades skill increases to level 2!
Your Dodging skill increases to level 2!
You have reached level 2!
Your demonic ancestry asserts itself...
You slip into the darkness of the dungeon.
The leopard gecko bites you but does no damage.
Are you sure you want to abandon this character and quit the game? (Confirm with "yes".)

....# .$ ....
#... ...#
#[..#######...###
#................
#................
#................
#........@l......
#................
#................
#...##.#..#.##...
######.###### ##
#(......#
#....>..#
#.......#
#.......#


You could see a leopard gecko.

Vanquished Creatures
  A worker ant (D:4)
1 creature vanquished.

Notes
Turn   | Place    | Note
-------+----------+-------------------------------------------
     0 | D:5      | BritishOli the Demonspawn Delver began the quest for the
                  | Orb.
     0 | D:5      | Reached XP level 1. HP: 18/18 MP: 1/1
     6 | D:4      | Noticed a worker ant
    13 | D:4      | Killed a worker ant
    13 | D:4      | Gained mutation: You are slightly more attuned to the
                  | shadows. [demonic ancestry]
    13 | D:4      | Reached XP level 2. HP: 7/24 MP: 2/2
    14 | D:4      | Quit the game

Illustrated notes

Levels and vault maps discovered:
D:4:      layout_gridville, ebering_ghost_sewer_d
D:5:      layout_loops_corners, fedhas_altar_1, overflow_temple_1_default,
          minmay_temple_entry_gardened_gates, ashenzari_altar_1, uniq_grinder

Skill      XL: |  1 |
---------------+----+-----
Long Blades    | 2 |  2.1
Dodging        | 2 |  2.1
Fighting       | |  3.2
Stealth        | |  4.7

Action                   || total
-------------------------++-------
Melee: Falchion          ||     3
Armor: Leather armour    ||     1
Dodge: Dodged            ||     5
       Rpst.: Falchion   ||     2

Table legend:
 A = Non-vault XP
 B = Vault XP
 C = Vault XP percentage of total XP
 D = Non-vault monster count
 E = Vault monster count
 F = Vault count percentage of total count
                 A         B        C        D         E       F
            +---------+---------+-------+---------+---------+-------
      Total |      34 |       0 |   0.0 |       1 |       0 |   0.0
            +---------+---------+-------+---------+---------+-------
        D:4 |      34 |       0 |   0.0 |       1 |       0 |   0.0
            +---------+---------+-------+---------+---------+-------
